 Dungeon Crawl Stone Soup version 0.30-b1-2-g02819fbbbe (webtiles) character file.

Game seed: 7881206914430010136

12655 Mesmaeker13 the Fighter (level 11, -3/93 HPs)
             Began as a Barachi Hunter on Aug 1, 2023.
             Was a High Priest of Okawaru.
             Slain by a cane toad (13 damage)
             ... on level 9 of the Dungeon.
             The game lasted 00:22:45 (11200 turns).

Mesmaeker13 the Fighter (Barachi Hunter)           Turns: 11200, Time: 00:22:46

Health: -3/93      AC:  8    Str: 13    XL:     11   Next: 96%
Magic:  17/17      EV: 22    Int: 16    God:    Okawaru [*****.]
Gold:   390        SH:  0    Dex: 29    Spells: 10/10 levels left

rFire   + . .        i - +2 trident (venom)
rCold   + . .        (no shield)
rNeg    . . .        g - +0 leather armour of Cocytus {Int+5 Dex+3}
rPois   +            J - +0 helmet
rElec   +            U - +2 cloak of Okawaru's Supremacy {Drain +Inv Int+2}
rCorr   +            e - +0 pair of gloves
SInv    .            (no boots)
Will    .....        N - amulet of regeneration
Stlth   +            T - +6 ring of dexterity
HPRegen 1.15/turn    (no ring)
MPRegen 0.15/turn

%: no passive effects
@: confused, lethally poisoned (-3 -> -5), resistant, ambrosia-drunk, slow
A: amphibious, slowness 1, strong legs 1, +LOS
a: Hop, Renounce Religion, Evoke Invisibility, Heroism, Finesse, Duel


You were on level 9 of the Dungeon.
You worshipped Okawaru.
Okawaru was extremely pleased with you.
You visited 2 branches of the dungeon, and saw 13 of its levels.

You collected 786 gold pieces.
You spent 396 gold pieces at shops.

Inventory:

Hand Weapons
 a - a +0 shortbow
 c - a +0 great sword
 i - a +2 trident of venom (weapon)
 j - a +2 heavy sling
 r - the +8 short sword "Picziagh" {holy, Str-2 Int+8}
   (You found it on level 2 of the Dungeon)

   Str:       It affects your strength (-2).
   Int:       It affects your intelligence (+8).
Missiles
 l - 3 silver javelins
 t - 5 curare-tipped darts (quivered)
 F - a throwing net
Armour
 e - a +0 pair of gloves (worn)
 g - the +0 leather armour of Cocytus (worn) {Int+5 Dex+3}
   (You found it on level 7 of the Dungeon)

   Int:       It affects your intelligence (+5).
   Dex:       It affects your dexterity (+3).
 J - a +0 helmet (worn)
 U - the +2 cloak of Okawaru's Supremacy (worn) {Drain +Inv Int+2}
   (Okawaru gifted it to you on level 11 of the Dungeon)

   Int:       It affects your intelligence (+2).
   +Inv:      It lets you turn invisible.
   Drain:     It drains your maximum health when unequipped.
Jewellery
 N - an amulet of regeneration (around neck)
 T - a +6 ring of dexterity (left hand)
Wands
 x - a wand of light (4)
 y - a wand of digging (7)
 O - a wand of roots (1)
 P - a wand of flame (10)
Scrolls
 b - 4 scrolls of immolation
 f - 5 scrolls of vulnerability
 h - 2 scrolls of magic mapping
 m - a scroll of silence
 n - 2 scrolls of enchant weapon
 p - a scroll of poison
 q - 2 scrolls of enchant armour
 u - 5 scrolls of teleportation
 z - a scroll of brand weapon {unknown}
 B - 4 scrolls of noise
 C - 3 scrolls of summoning {unknown}
 D - 2 scrolls of torment {unknown}
 E - a scroll of amnesia {unknown}
 G - 3 scrolls of fog {unknown}
 K - a scroll of blinking
 Q - 2 scrolls of identify
 R - a scroll of fear
Potions
 v - a potion of flight
 w - a potion of mutation {unknown}
 I - a potion of haste
 L - 2 potions of might
 M - a potion of cancellation {unknown}
 S - a potion of attraction {unknown}


   Skills:
 + Level 11.3 Fighting
 + Level 11.2 Ranged Weapons
 + Level 10.4 Dodging
 - Level 0.8 Stealth
 - Level 8.5 Invocations
 + Level 4.3 Evocations


You had 10 spell levels left.
You didn't know any spells.
Your spell library contained the following spells:

 Spells                   Type           Power      Damage    Failure   Level
 Slow                     Hex            0%         N/A       32%         1
 Cigotuvi's Dreadful Rot  Necr/Pois/Air  0%         N/A       43%         2
 Scorch                   Fire           0%         2d5       43%         2
 Static Discharge         Conj/Air       0%         2-2/arc   43%         2
 Confusing Touch          Hex            0%         N/A       67%         3
 Ignite Poison            Fire/Tmut/Pois 0%         N/A       67%         3
 Vampiric Draining        Necr           0%         2d6       67%         3
 Airstrike                Air            0%         2d(0-16)  97%         4
 Flame Wave               Conj/Fire      0%         2d4       97%         4
 Sticky Flame             Conj/Fire      0%         2d3       97%         4
 Freezing Cloud           Conj/Ice/Air   0%         6-21      100%        5
 Ignition                 Fire           0%         3d3       100%        8
 Summon Lightning Spire   Summ/Air       Unusable   N/A       N/A         4
 Summon Cactus Giant      Summ           Unusable   N/A       N/A         6

Dungeon Overview and Level Annotations

Branches:
Dungeon (11/15)            Temple (0/1) D:6            Lair (2/5) D:9
    Orc (0/2) D:10
  Swamp: Lair:2-3    Shoals: Lair:2-3     Snake: Lair:2-3    Spider: Lair:2-3

Altars:
Okawaru
Qazlal
Uskayaw
Vehumet
Xom
Zin

Shops:
D:8 !*   D:11 =:?

Annotations:
D:9 3 runed translucent doors, arta456's ghost, journeyman DECj
D:10 1 exclusion


Innate Abilities, Weirdness & Mutations

You are amphibious.
You cover ground slowly.
You can hop short distances.
You have an extended range of vision and can be seen from far away.


Message History

You hit the cane toad but do no damage.
The cane toad looks even sicker.
The cane toad is severely wounded.
You feel very sick. The cane toad completely misses you.
The cane toad closely misses you. The cane toad misses you.
You catch the helpless cane toad completely off-guard!
You hit the cane toad.
The cane toad looks as sick as possible!
The cane toad is severely wounded.
You feel very sick. The cane toad completely misses you.
The cane toad barely misses you. The cane toad misses you.
You catch the helpless cane toad completely off-guard!
You hit the cane toad.
The cane toad is almost dead.
You feel very sick. The cane toad stings you!!
The cane toad closely misses you.
You hit the cane toad but do no damage.
The cane toad is almost dead.
You feel sick. The cane toad closely misses you.
The cane toad completely misses you. The cane toad stings you!!
* * * LOW HITPOINT WARNING * * *
You are more poisoned.
The cane toad poisons you!
The cane toad stings you but does no damage.
It was a potion of resistance.
You feel protected.
* * * LOW HITPOINT WARNING * * *
You feel very sick.
The cane toad is no longer blind.
The cane toad completely misses you. The cane toad barely misses you.
It was a potion of ambrosia.
You are confused.
You feel invigorated.
You feel very sick. The cane toad completely misses you.
The cane toad misses you.
Okay, then.
You feel very sick. The cane toad misses you. The cane toad stings you!
You die...

..#### ####'#### ###....#
..'..## #.....[.# #.'....#
..##..# #.......# ##.#....#
..###.### #.......# #..#....#
..# #...###.......###.##....#
..# ###...'.......'...####'##
### #####......†##### #.# ##
#####F### #.# .# #F@# #.# .#
#### #####.#### '##
#########........#
..############.....)..........#
..'............#######........#
..############## #........# ..#
#.[......# ..# #........# ###
#........#


You could see 2 cane toads.

Vanquished Creatures
  3 two-headed ogres
  A boulder beetle (D:11)
  A manticore (D:11)
  An ugly thing (D:11)
  A cyclops (D:11)
  A black mamba (Lair:1)
  A torpor snail (Lair:1)
  A gargoyle (D:10)
  A komodo dragon (D:9)
  A blink frog (D:9)
  3 dream sheep (D:9)
  2 wraiths
  2 wyverns (D:8)
  14 yaks
  Menkaure (D:5)
  3 wargs (D:10)
  2 water moccasins
  5 orc warriors
  2 sky beasts (D:8)
  2 ogres
  A black bear (D:5)
  A wolf (D:9)
  2 centaurs
  2 phantoms
  4 kobold brigands
  3 bullfrogs
  A gnoll sergeant (D:7)
  3 scorpions
  10 wights
  9 killer bees
  3 howler monkeys (D:10)
  2 gnoll boudas
  4 orc priests
  4 hounds
  A sleepcap (D:4)
  4 iguanas
  6 orc wizards
  17 gnolls
  9 adders
  2 white imps
  An ufetubus (D:5)
  4 worms
  2 dart slugs
  41 orcs
  3 bats
  3 endoplasms
  3 giant cockroaches
  7 goblins
  9 hobgoblins
  A jackal (D:4)
  4 quokkas
  5 ball pythons
  2 frilled lizards
  29 kobolds
  2 rats (D:2)
252 creatures vanquished.

Vanquished Creatures (others)
  An orc (D:7)
  A fungus (Lair:1)
  4 plants (Lair:1)
6 creatures vanquished.

Grand Total: 258 creatures vanquished

Notes
Turn   | Place    | Note
-------+----------+-------------------------------------------
     0 | D:1      | Mesmaeker13 the Barachi Hunter began the quest for the Orb.
     0 | D:1      | Reached XP level 1. HP: 17/17 MP: 1/1
   390 | D:1      | Reached XP level 2. HP: 23/23 MP: 2/2
   695 | D:2      | Reached XP level 3. HP: 29/29 MP: 3/3
   802 | D:2      | Identified the +8 short sword "Picziagh" {holy, Str-2
                  | Int+8}
  1553 | D:3      | Found an iron altar of Okawaru.
  1561 | D:3      | Became a worshipper of Warmaster Okawaru
  1569 | D:3      | Reached XP level 4. HP: 35/35 MP: 4/4
  1606 | D:3      | Reached skill level 5 in Dodging
  1606 | D:3      | Reached XP level 5. HP: 47/47 MP: 4/9
  2144 | D:4      | Reached XP level 6. HP: 48/53 MP: 10/10
  2277 | D:4      | Reached * piety under Okawaru
  2324 | D:4      | Reached XP level 7. HP: 59/59 MP: 11/11
  2770 | D:4      | Found a radiant altar of Vehumet.
  2848 | D:4      | Found a shimmering altar of Xom.
  3229 | D:4      | Found a glowing silver altar of Zin.
  3229 | D:4      | Found a hide-covered altar of Uskayaw.
  3397 | D:5      | Entered Level 5 of the Dungeon
  3738 | D:5      | Reached XP level 8. HP: 67/67 MP: 12/12
  3907 | D:5      | Reached ** piety under Okawaru
  3943 | D:5      | Noticed Menkaure
  3946 | D:5      | Killed Menkaure
  4487 | D:6      | Found a staircase to the Ecumenical Temple.
  4824 | D:6      | Noticed a yak
  4825 | D:6      | Noticed a yak
  4837 | D:6      | Noticed a yak
  4844 | D:6      | Killed a yak
  4845 | D:6      | Reached XP level 9. HP: 49/74 MP: 14/14
  4848 | D:6      | Reached *** piety under Okawaru
  4950 | D:6      | Identified the +0 quarterstaff of Ossacur {pain, rN+}
  5703 | D:7      | Identified the +0 leather armour of Cocytus {Int+5 Dex+3}
  6277 | D:7      | Found a stormy altar of Qazlal.
  7645 | D:8      | Reached **** piety under Okawaru
  7655 | D:8      | Reached XP level 10. HP: 82/82 MP: 15/15
  8086 | D:8      | Found Haemek's Assorted Antiques.
  8161 | D:8      | Found Xar Usku's Distillery.
  8300 | D:9      | Noticed a two-headed ogre
  8310 | D:9      | Killed a two-headed ogre
  8531 | D:9      | Found a runed translucent gate.
  8531 | D:9      | Found a runed translucent gate.
  8531 | D:9      | Found a runed translucent gate.
  8531 | D:9      | Noticed arta456's ghost (journeyman DECj)
  8657 | D:9      | Reached skill level 10 in Ranged Weapons
  8717 | D:9      | Noticed a two-headed ogre
  8725 | D:9      | Killed a two-headed ogre
  8725 | D:9      | Reached ***** piety under Okawaru
  8769 | D:9      | Found a staircase to the Lair.
  8970 | D:10     | Entered Level 10 of the Dungeon
  9227 | D:10     | Noticed a two-headed ogre
  9227 | D:10     | Noticed a gargoyle
  9513 | D:10     | Killed a two-headed ogre
  9514 | D:10     | Reached skill level 10 in Fighting
  9514 | D:10     | Reached XP level 11. HP: 90/90 MP: 12/17
  9626 | D:10     | Found a staircase to the Orcish Mines.
  9805 | D:11     | Noticed a purple ugly thing
  9815 | D:11     | Killed a purple ugly thing
  9818 | D:11     | Noticed a boulder beetle
  9847 | D:11     | Killed a boulder beetle
  9848 | D:11     | Reached skill level 1 in Evocations
 10040 | D:11     | Found Epsuaryja's Jewellery Shop.
 10043 | D:11     | Bought a +6 ring of dexterity for 396 gold pieces
 10160 | D:11     | Found Saimiph's Magic Scroll Shop.
 10411 | D:11     | Noticed a manticore
 10420 | D:11     | Killed a manticore
 10452 | D:11     | Found Nicun's Book Shoppe.
 10460 | D:11     | Noticed a cyclops
 10486 | D:11     | Killed a cyclops
 10517 | D:11     | Reached skill level 10 in Dodging
 10559 | D:11     | Identified the +2 cloak of Okawaru's Supremacy {Drain +Inv
                  | Int+2} (Okawaru gifted it to you on level 11 of the
                  | Dungeon)
 10559 | D:11     | Received a gift from Okawaru
 10822 | Lair:1   | Entered Level 1 of the Lair of Beasts
 11022 | Lair:1   | You fall into a shaft and drop 1 floor!
 11023 | Lair:2   | Noticed a five-headed hydra
 11200 | D:9      | Slain by a cane toad

Illustrated notes

Levels and vault maps discovered:
D:1:      lemuel_arrival_broad_hall, layout_loops_cross
D:2:      layout_basic
D:3:      layout_rooms, lemuel_round_altar
D:4:      minmay_opposing_rooms, layout_loops_ring, lemuel_crystal_altar,
          xom_teletrap_fun, gammafunk_temple_overflow_wave, grunt_ministairs_7,
          palyth_stone_intersect, minmay_misc_feat_chi, minmay_misc_feat_columns
D:5:      layout_cave_pods, dk_noncrumbling_4, uniq_menkaure
D:6:      layout_loops_cross, minmay_temple_entry_statues_pillars
D:7:      layout_layer_cave, grunt_qazlal_clouds, grunt_ministairs_8
D:8:      layout_basic, serial_shops, shop, nicolae_shop_peninsula
D:9:      layout_roguey, lair_entry_dummy, ebering_ghost_rock_garden
D:10:     layout_loops_ring, david_orc_1_choice
D:11:     layout_basic, serial_shops, shop, nicolae_shop_real_fake_doors,
          nicolae_shop_window_shopping
Lair:1:   layout_cellular_growth, nzn_random_ring, infiniplex_staircase_pool
Lair:2:   beast_lair_carwin_large_2, layout_long_grid,
          guppyfry_snake_entry_garden, grunt_forest_small_clearing_treed

Skill      XL: |  1  2  3  4  5  6  7  8  9 10 11 |
---------------+----------------------------------+-----
Fighting       | 3 6 7 8 10 11 | 11.3
Dodging        | 3 5 6 7 8 9 10 | 10.4
Ranged Weapons | 8 9 10 11 | 11.2
Invocations    | 6 7 8 |  8.5
Evocations     | 4 |  4.3
Stealth        | |  0.8

Action                     |  1- 3 |  4- 6 |  7- 9 | 10-12 || total
---------------------------+-------+-------+-------+-------++-------
  Melee: Short sword       |     5 |       |    32 |    60 ||    97
         Trident           |       |       |    12 |    58 ||    70
         Punch             |       |       |       |     1 ||     1
   Fire: Shortbow          |    81 |    19 |    10 |       ||   110
         Sling             |       |    40 |   268 |   227 ||   535
  Throw: Dart              |       |       |       |     1 ||     1
 Invoke: Heroism           |       |       |     1 |     4 ||     5
         Finesse           |       |       |       |     4 ||     4
Ability: Hop               |       |     2 |     6 |     6 ||    14
  Evoke: Wand              |       |       |     9 |    10 ||    19
    Use: Scroll            |       |     3 |    11 |     3 ||    17
         Potion            |       |     1 |     7 |     8 ||    16
   Stab: Invisible         |       |       |       |     3 ||     3
 Armour: Leather armour    |     6 |     3 |    38 |    29 ||    76
         Skin              |       |       |    21 |       ||    21
  Dodge: Dodged            |    16 |    28 |   178 |   238 ||   460
